AoeStats
← JRoBot

Arabia

510146387Analyzed
1v1 RM · 3d ago on Sep 29, 2026· 72m 52s· 2 players
Game mode
Random Map
Map size
Tiny (2 player)
Population
200
Speed
Normal
Resources
Standard
Victory
Conquest
Starting age
Dark Age
Ending age
Imperial Age
RankedLock teamsTeams togetherTeam positionsShared explorationLock speedFull tech treeHidden civsTurbo modeCheats
Victory
Defeat
🇸🇰 Maya · Slovakia
897
+42
🇫🇷 Britons · France
896
-16
Krabce
10:17 Feudal Age
8:35 Loom
12:00 Double-Bit Axe
12:24 Gold Mining
13:30 Town Watch
14:21 Wheelbarrow
16:58 Fletching
17:11 Padded Archer Armor
24:59 Castle Age
26:42 Hand Cart
26:42 Bodkin Arrow
26:33 Crossbowman
30:50 Forging
30:46 Scale Barding Armor
32:08 Husbandry
33:02 Horse Collar
35:18 Iron Casting
40:17 Chain Barding Armor
48:37 Imperial Age
47:40 Yeomen
48:24 Town Patrol
49:46 Bracer
49:32 Light Cavalry
52:17 Blast Furnace
52:53 Bow Saw
55:06 Cavalier
59:52 Guard Tower
61:04 Chemistry
59:55 Heated Shot
70:03 Heavy Plow
JRoBot
0:26 Loom
10:25 Feudal Age
11:06 Double-Bit Axe
15:30 Fletching
17:02 Horse Collar
18:21 Forging
20:28 Scale Mail Armor
24:54 Castle Age
25:48 Eagle Warrior
27:40 Chain Mail Armor
27:57 Bow Saw
28:55 Squires
30:47 Elite Skirmisher
32:18 Bodkin Arrow
32:24 Padded Archer Armor
35:13 Ballistics
36:04 Wheelbarrow
39:32 Heavy Plow
42:50 Thumb Ring
43:48 Hand Cart
43:54 Pikeman
45:43 Leather Archer Armor
46:57 Iron Casting
50:10 Imperial Age
48:06 Gold Mining
48:06 Stone Mining
49:14 Hul'che Javelineers
50:18 Halberdier
51:07 Capped Ram
52:19 Siege Ram
53:48 Arson
58:05 Crop Rotation
58:37 Two-Man Saw
57:56 Bracer
58:29 Ring Archer Armor
58:31 Plate Mail Armor
59:25 Conscription
62:50 Blast Furnace
62:11 Guilds
64:05 Stone Shaft Mining
69:10 Chemistry
Connection lost

Rejoining the realm…

Still unreachable

The connection could not be restored.

Session expired

The server has moved on; the page needs a fresh start.